 Dungeon Crawl Stone Soup version 0.21-a0-361-g4efd3f9 (webtiles) character file.

142 theanonym the Digger (level 5, 0/29 HPs)
             Began as a Gargoyle Earth Elementalist on Oct 13, 2017.
             Slain by an orc warrior
             ... wielding a +0 flail
              (3 damage)
             ... on level 3 of the Dungeon.
             The game lasted 00:17:58 (3289 turns).

theanonym the Digger (Gargoyle Earth Elementalist)  Turns: 3289, Time: 00:17:58

Health: 0/29       AC:  9    Str: 12    XL:     5   Next: 24%
Magic:  5/10       EV: 10    Int: 16    God:
Gold:   81         SH:  0    Dex: 10    Spells: 4/10 levels left

rFire    . . .     SeeInvis .   s - +1 mace (protect)
rCold    . . .     Gourm    .   (no shield)
rNeg     + . .     Faith    .   v - +0 ring mail (curse)
rPois    ∞         Spirit   .   (no helmet)
rElec    +         Reflect  .   (no cloak)
rCorr    .         Harm     .   (no gloves)
MR       .....                  (no boots)
Stlth    +.........             (no amulet)
HPRegen  0.09/turn              (no ring)
MPRegen  0.12/turn              (no ring)

@: no status effects
A: negative energy resistance 1, electricity resistance, unbreathing,
petrification resistance, rot immunity, AC +4
a: no special abilities


You were on level 3 of the Dungeon.
You were not hungry.

You visited 1 branch of the dungeon, and saw 3 of its levels.

You collected 81 gold pieces.

Inventory:

Hand Weapons
 s - a +1 mace of protection (weapon)
   (You took it off a hobgoblin on level 2 of the Dungeon)
Missiles
 b - 93 stones (quivered)
Armour
 o - a +0 robe
 v - a cursed +0 ring mail (worn)
   (You took it off an orc on level 2 of the Dungeon)
Scrolls
 a - a scroll of enchant weapon {unknown}
 d - a scroll of enchant armour {unknown}
 k - a scroll of immolation {!r}
 p - a scroll of teleportation
 r - a scroll of identify
 t - a scroll of remove curse {unknown}
Potions
 f - 3 potions of degeneration {unknown}
 g - a potion of might {unknown}
 h - a potion of flight {unknown}
 j - a potion of ambrosia {unknown}
 m - a potion of heal wounds {unknown}
 n - a potion of agility {unknown}
 q - a potion of brilliance {unknown}
Books
 e - a book of Geomancy
Comestibles
 c - 3 chunks of flesh {@w0}
 i - a royal jelly
 l - 3 fruits


   Skills:
 * Level 1.1 Fighting
 - Level 1.5 Dodging
 - Level 2.1 Stealth
 + Level 3.3 Spellcasting
 - Level 0.7 Transmutations
 + Level 5.6 Earth Magic


You had 4 spell levels left.
You knew the following spells:

 Your Spells              Type           Power        Failure   Level  Hunger
a - Sandblast             Erth           ###...       4%          1    None
w - Passwall              Tmut/Erth      ##........   17%         2    ##.....
x - Stone Arrow           Conj/Erth      ##....       36%         3    ###....


Dungeon Overview and Level Annotations

Branches:
Dungeon (3/15)

Altars:


Innate Abilities, Weirdness & Mutations

You are resistant to torment.
Your stone body is resilient. (AC +4)
You are immune to poison.
You resist negative energy. (rN+)
You are resistant to electric shocks. (rElec)
You can survive without breathing.
You are immune to petrification.
You are immune to rotting.


Message History

All of the chunks of flesh in your inventory have rotted away.
You take 2 damage, and have 27/29 hp.
You miss something. Something hits you but does no damage.
The blast of sand hits something.
Reactivating autopickup.
You feel a bit more experienced.
b - 99 stones You now have 7/10 mp.
Things that are here:
a dagger; a robe; an orc corpse You butcher the orc corpse.
c - 3 chunks of flesh {@w0}
Things that are here:
a dagger; a robe You start resting.
An orc warrior comes into view. It is wielding a flail.
Health restored: 29; MP restored: 10 An orc warrior is nearby!
Aim: an orc warrior, wielding a flail and wearing a plate armour (hasn't noticed you)
The stone arrow hits the orc warrior.
The orc warrior shouts!
You now have 7/10 mp.
Aim: an orc warrior, wielding a flail and wearing a plate armour (heavily wounded)
The blast of sand hits the orc warrior.
b - 98 stones An orc wizard comes into view.
It is wielding a dagger.
You now have 6/10 mp.
Aim: an orc warrior, wielding a flail and wearing a plate armour (heavily wounded)
The blast of sand hits the orc warrior.
b - 97 stones You now have 5/10 mp.
Aim: an orc warrior, wielding a flail and wearing a plate armour (heavily wounded)
The blast of sand hits the orc warrior.
b - 96 stones The orc warrior hits you with a flail.
You take 2 damage, and have 27/29 hp.
You now have 4/10 mp.
Aim: an orc warrior, wielding a flail and wearing a plate armour (severely wounded)
The blast of sand hits the orc warrior.
b - 95 stones You now have 3/10 mp.
Aim: an orc warrior, wielding a flail and wearing a plate armour (severely wounded)
The blast of sand hits the orc warrior.
b - 94 stones The orc warrior hits you but does no damage.
The orc wizard casts a spell.
The orc wizard seems to speed up.
You now have 2/10 mp.
Aim: an orc warrior, wielding a flail and wearing a plate armour (severely wounded)
The blast of sand misses the orc warrior.
b - 93 stones The orc wizard points at you and mumbles some strange words.
The puff of frost misses you. The orc warrior barely misses you.
You now have 1/10 mp.
The orc warrior barely misses you. The orc wizard misses you.
You closely miss the orc wizard. The orc wizard closely misses you.
The orc warrior hits you but does no damage.
The orc wizard hits you but does no damage.
The orc wizard barely misses you.
The orc warrior hits you but does no damage.
The orc wizard points at you and mumbles some strange words.
The puff of frost hits you! The orc wizard closely misses you.
Health restored: 29 A goblin comes into view.
It is wielding a club.
The goblin shouts!
The orc wizard looks encouraged for a moment.
The orc wizard hits you but does no damage.
The goblin barely misses you. The goblin hits you but does no damage.
The orc wizard hits you but does no damage.
The goblin hits you but does no damage.
The orc wizard gestures at you while chanting.
The puff of flame hits you!
You take 1 damage, and have 28/29 hp.
The orc wizard hits you but does no damage.
The orc warrior closely misses you.
The orc wizard gestures at you while chanting.
The magic dart hits you!
The orc wizard hits you but does no damage.
You take 8 damage, and have 20/29 hp.
MASSIVE DAMAGE!!
The orc warrior barely misses you.
A worm comes into view.
The orc wizard miscasts a cantrip.
Found a stone staircase leading up.
The orc warrior barely misses you.
A bat comes into view.
The bat moves out of view.
The orc wizard casts a spell.
The orc wizard flickers and vanishes!
Deactivating autopickup; reactivate with Ctrl-A.
The worm bites you.
You take 4 damage, and have 17/29 hp.
The orc warrior hits you with a flail!
Ouch! That really hurt!
* * * LOW HITPOINT WARNING * * *
The worm barely misses you.
You take 15 damage, and have 2/29 hp.
MASSIVE DAMAGE!!
There is a stone staircase leading up here.
The orc warrior hits you with a flail.
You die...

#######...####
..............
.......?.
##############
#.........
#........... ##
#........... .######
#.........# .......
#.........# .......
##g........# ...
....... #@ow.......#
... #......
#..g.......# .....
.......
#.##.....####.# #.
#.....
#.##..........# #. #
.... #.............#
. # ###
##########......## #
.#
#...............#####
.#
#.......o.......#(..#
.#
#..............%#...#


You could see an orc warrior, a worm, a hobgoblin and a goblin.

Vanquished Creatures
  An orc wizard (D:3)
  3 adders (D:2)
  2 oozes (D:2)
  2 worms (D:2)
  4 dart slugs
  A leopard gecko (D:2)
  3 orcs
  2 giant cockroaches
  12 goblins
  5 hobgoblins
  5 jackals
  7 kobolds
  A quokka (D:3)
  2 ball pythons
  6 bats
  3 frilled lizards
  8 rats
67 creatures vanquished.

Notes
Turn   | Place    | Note
-------+----------+-------------------------------------------
     0 | D:1      | theanonym the Gargoyle Earth Elementalist began the quest for the Orb.
     0 | D:1      | Reached XP level 1. HP: 10/10 MP: 3/3
   285 | D:1      | Reached skill level 4 in Earth Magic
   426 | D:1      | Reached XP level 2. HP: 15/15 MP: 3/5
   765 | D:1      | Reached XP level 3. HP: 19/19 MP: 3/6
   769 | D:1      | Learned a level 2 spell: Passwall
   773 | D:1      | Learned a level 3 spell: Stone Arrow
   980 | D:2      | Reached skill level 5 in Earth Magic
  1001 | D:2      | Reached XP level 4. HP: 23/24 MP: 0/8
  1349 | D:2      | Upgraded the game from 0.21-a0-356-g45b0a09 to 0.21-a0-361-g4efd3f9
  1385 | D:2      | HP: 4/24 [hobgoblin/mace of protection (4)]
  2319 | D:2      | Reached skill level 3 in Spellcasting
  3001 | D:3      | Reached XP level 5. HP: 28/28 MP: 2/9
  3124 | D:3      | Reached skill level 1 in Fighting
  3253 | D:3      | Noticed an orc warrior
  3285 | D:3      | HP: 2/29 [orc warrior/flail (15)]
  3289 | D:3      | Slain by an orc warrior

Vault maps used:
D:1:      dpeg_arrival_circle_labyrinth_a, minmay_misc_feat_nine_boxes
D:2:      first_bread, hangedman_feature_mirror

Skill      XL: |  1  2  3  4  5 |
---------------+----------------+-----
Earth Magic    | 4 5 |  5.6
Spellcasting   | 3 |  3.3
Fighting       | 1 |  1.1
Dodging        | |  1.5
Stealth        | |  2.1
Transmutations | |  0.7

Action                   |  1- 3 |  4- 6 || total
-------------------------+-------+-------++-------
Melee: Unarmed           |    12 |       ||    12
       Dagger            |    40 |    26 ||    66
       Spear             |       |    16 ||    16
       Mace              |       |     9 ||     9
Throw: Stone             |     4 |     2 ||     6
 Cast: Sandblast         |    25 |    34 ||    59
       Stone Arrow       |     3 |    29 ||    32
       Passwall          |       |     2 ||     2
  Use: Scroll            |       |     2 ||     2
  Eat: Chunk             |     1 |       ||     1
       Bread ration      |       |     3 ||     3
Armor: Robe              |    26 |    17 ||    43
       Ring mail         |       |    24 ||    24
Dodge: Dodged            |    49 |    64 ||   113

Table legend:
 A = Spawn XP
 B = Non-spawn XP
 C = Spawn XP percentage of total XP
 D = Spawn monster count
 E = Non-spawn monster count
 F = Spawn count percentage of total count
 G = Total turns spent on level
                    A         B        C        D         E        F      G
               +---------+---------+-------+---------+---------+-------+---------
         Total |       0 |     203 |   0.0 |       0 |      67 |   0.0 |  3289
               +---------+---------+-------+---------+---------+-------+---------
           D:1 |       0 |      43 |   0.0 |       0 |      24 |   0.0 |  1262
           D:2 |       0 |     110 |   0.0 |       0 |      33 |   0.0 |  1627
           D:3 |       0 |      50 |   0.0 |       0 |      10 |   0.0 |   400
               +---------+---------+-------+---------+---------+-------+---------

Vault maps used:
D:1:      dpeg_arrival_circle_labyrinth_a, minmay_misc_feat_nine_boxes
D:2:      first_bread, hangedman_feature_mirror

Table legend:
 A = Turns spent in this place as a percentage of turns spent in the entire game.
 B = Non-inter-level travel turns spent in this place as a percentage of non-inter-level travel turns spent in the entire game.
 C = Inter-level travel turns spent in this place as a percentage of turns spent in this place.
 D = Turns resting spent in this place as a percentage of non-inter-level travel turns spent in this place.
 E = Turns spent auto-exploring this place as a percentage of non-inter-level travel turns spent in this place.
 F = Non-inter-level travel turns spent in this place divided by the number of levels of this place that you've seen.
                   A       B       C       D       E      F
               +-------+-------+-------+-------+-------+----------------------
         Total | 100.0 | 100.0 |   3.2 |  43.5 |  30.7 | 1061.0
       Dungeon | 100.0 | 100.0 |   3.2 |  43.5 |  30.7 | 1061.0
               +-------+-------+-------+-------+-------+----------------------

Table legend:
 A = Kills in this place as a percentage of kills in entire the game.
 B = Kills by you in this place as a percentage of kills by you in the entire game.
 C = Kills by friends in this place as a percentage of kills by friends in the entire game.
 D = Other kills in this place as a percentage of other kills in the entire game.
 E = Experience gained in this place as a percentage of experience gained in the entire game.
 F = Experience gained in this place divided by the number of levels of this place that you have seen.
                   A       B       C       D       E      F
               +-------+-------+-------+-------+-------+----------------------
         Total | 100.0 | 100.0 |   N/A |   N/A | 100.0 |  67.7
       Dungeon | 100.0 | 100.0 |   N/A |   N/A | 100.0 |  67.7
               +-------+-------+-------+-------+-------+----------------------
